AoeStats
← agcoscojuela

Arena

509855087Analyzed
4v4 RM · 2d ago on Sep 28, 2026· 52m 42s· 8 players
Game mode
Random Map
Map size
Large (8 player)
Population
200
Speed
Normal
Resources
Standard
Victory
Conquest
Starting age
Dark Age
Ending age
Imperial Age
RankedLock teamsTeams togetherTeam positionsShared explorationLock speedFull tech treeHidden civsTurbo modeCheats
Victory
Defeat
🇨🇳 Byzantines · China
650
+16
🇨🇳 Huns · China
639
+17
🇷🇺 Slavs · Russia
636
+17
🇲🇽 Mongols · Mexico
607
+38
🇹🇭 Britons · Thailand
789
-21
🇨🇳 Khmer · China
726
-20
🇮🇹 Teutons · Italy
573
-14
🇪🇸 Chinese · Spain
548
-13
TWT
1:08 Loom
10:45 Feudal Age
12:08 Wheelbarrow
16:36 Castle Age
15:13 Double-Bit Axe
15:48 Stone Mining
15:43 Horse Collar
20:30 Bow Saw
21:18 Gold Mining
23:09 Heavy Plow
23:59 Stone Shaft Mining
25:54 Hand Cart
27:40 Gold Shaft Mining
33:26 Imperial Age
31:34 Nomads
31:40 Padded Archer Armor
31:41 Scale Mail Armor
31:46 Scale Barding Armor
31:32 Fletching
32:06 Ballistics
31:57 Masonry
31:48 Murder Holes
32:20 Masonry
34:20 Chain Barding Armor
34:15 Chain Mail Armor
34:16 Leather Archer Armor
34:11 Forging
35:49 Conscription
35:41 Elite Mangudai
36:50 Bodkin Arrow
37:26 Plate Mail Armor
38:15 Chemistry
37:21 Elite Steppe Lancer
42:48 Iron Casting
42:13 Bracer
42:27 Fortified Wall
46:12 Drill
47:16 Capped Ram
48:42 Siege Ram
1279332839
0:27 Loom
11:52 Feudal Age
16:35 Castle Age
15:10 Horse Collar
16:01 Double-Bit Axe
18:54 Bow Saw
19:28 Heavy Plow
28:16 Gold Mining
29:04 Wheelbarrow
28:17 Town Watch
31:29 Imperial Age
29:41 Scale Barding Armor
29:48 Forging
30:51 Chain Barding Armor
31:10 Marauders
30:34 Light Cavalry
31:16 Husbandry
31:27 Bloodlines
31:51 Hussar
34:22 Plate Barding Armor
34:31 Gold Shaft Mining
33:48 Stone Mining
34:57 Iron Casting
36:29 Hand Cart
36:15 Town Patrol
37:21 Blast Furnace
36:45 Murder Holes
37:51 Chemistry
37:03 Masonry
38:51 Elite Tarkan
47:07 Guilds
46:59 Caravan
47:30 Coinage
48:43 Conscription
47:54 Sappers
48:47 Atheism
49:45 Capped Ram
50:04 Cavalier
南方cold
1:10 Loom
13:56 Feudal Age
20:04 Castle Age
18:07 Double-Bit Axe
18:33 Horse Collar
21:49 Heavy Plow
21:59 Bow Saw
25:57 Fletching
27:20 Gold Mining
27:20 Stone Mining
27:27 Stone Mining
29:49 Gold Shaft Mining
29:52 Stone Shaft Mining
29:16 Bodkin Arrow
30:13 Wheelbarrow
34:38 Imperial Age
33:34 Forging
33:24 Scale Mail Armor
33:26 Padded Archer Armor
33:30 Squires
33:15 Arson
34:38 Ballistics
33:59 Treadmill Crane
34:15 Murder Holes
34:30 Fortified Wall
34:42 Elite Skirmisher
36:01 Iron Casting
35:41 Chain Mail Armor
35:01 Capped Ram
36:18 Bracer
37:45 Hand Cart
38:17 Plate Mail Armor
39:05 Elite Varangian Guard
40:16 Thumb Ring
40:28 Leather Archer Armor
40:27 Pikeman
42:20 Two-Man Saw
41:52 Crop Rotation
41:13 Siege Ram
42:47 Halberdier
44:29 Guard Tower
44:24 Arrowslits
45:40 Chemistry
44:50 Fortified Wall
44:49 Scale Barding Armor
45:14 Ring Archer Armor
45:34 Hoardings
45:33 Conscription
48:08 Logistica
48:41 Chain Barding Armor
48:56 Elite Cataphract
50:26 Plate Barding Armor
49:56 Husbandry
53:01 Greek Fire
DonoR
1:16 Loom
15:23 Feudal Age
16:45 Wheelbarrow
15:58 Town Watch
21:41 Horse Collar
21:53 Double-Bit Axe
22:38 Gold Mining
22:42 Stone Mining
26:39 Castle Age
25:19 Scale Barding Armor
25:42 Scale Mail Armor
26:05 Forging
26:16 Padded Archer Armor
26:25 Fletching
27:28 Heavy Plow
27:52 Chain Barding Armor
27:49 Bow Saw
28:33 Leather Archer Armor
27:44 Elite Skirmisher
29:16 Hand Cart
29:17 Squires
30:29 Pikeman
32:36 Town Patrol
33:06 Chain Mail Armor
33:27 Iron Casting
32:48 Bodkin Arrow
38:52 Imperial Age
38:16 Husbandry
38:26 Bloodlines
37:38 Light Cavalry
39:07 Murder Holes
41:37 Chemistry
41:22 Gold Shaft Mining
42:45 Ring Archer Armor
43:22 Bodkin Arrow
43:59 Plate Mail Armor
44:43 Hoardings
47:39 Detinets
47:01 Elite Boyar
48:04 Conscription
51:21 Druzhina
51:29 Druzhina
53:56 Blast Furnace
53:31 Plate Barding Armor
agcoscojuela
1:06 Loom
16:37 Feudal Age
18:20 Wheelbarrow
21:20 Castle Age
19:58 Fletching
20:31 Stone Mining
20:35 Double-Bit Axe
20:40 Horse Collar
21:07 Gold Mining
22:18 Hand Cart
22:22 Bodkin Arrow
23:03 Heavy Plow
27:25 Imperial Age
26:01 Padded Archer Armor
26:45 Bow Saw
27:42 Ballistics
28:40 Gold Shaft Mining
31:24 Stone Shaft Mining
32:08 Two-Man Saw
32:01 Conscription
32:56 Bracer
33:12 Leather Archer Armor
33:08 Forging
32:59 Scale Mail Armor
33:42 Thumb Ring
33:40 Squires
33:25 Arson
35:22 Chemistry
34:34 Masonry
34:20 Murder Holes
35:26 Ring Archer Armor
35:32 Elite Chu Ko Nu
37:39 Iron Casting
37:04 Scale Mail Armor
36:37 Pikeman
40:10 Blast Furnace
39:26 Chain Mail Armor
gp.infostudio
11:29 Feudal Age
12:00 Double-Bit Axe
12:01 Horse Collar
18:21 Castle Age
21:34 Bow Saw
21:28 Heavy Plow
22:55 Wheelbarrow
22:16 Gold Mining
22:19 Stone Mining
29:49 Imperial Age
28:57 Stone Shaft Mining
31:53 Masonry
31:49 Siege Engineers
31:56 Fortified Wall
31:32 Arrowslits
31:12 Crossbowman
32:33 Elite Teutonic Knight
33:34 Conscription
33:35 Ironclad
34:50 Crop Rotation
35:17 Hoardings
35:55 Chemistry
34:48 Town Watch
37:09 Crenellations
36:26 Sappers
36:21 Man-at-Arms
36:21 Pikeman
36:47 Gambesons
36:26 Elite Skirmisher
37:23 Forging
40:26 Two-Man Saw
41:35 Iron Casting
41:00 Scale Mail Armor
40:51 Fletching
41:02 Padded Archer Armor
41:08 Scale Barding Armor
42:12 Hand Cart
41:58 Town Patrol
42:16 Redemption
42:06 Atonement
42:17 Fervor
42:28 Sanctity
42:09 Devotion
42:35 Illumination
42:27 Block Printing
42:48 Theocracy
42:09 Guard Tower
43:21 Chain Mail Armor
46:10 Blast Furnace
45:06 Bodkin Arrow
45:27 Leather Archer Armor
50:13 Keep
Misaka Mikoto
10:36 Feudal Age
10:56 Horse Collar
11:02 Double-Bit Axe
18:58 Castle Age
17:42 Stone Mining
20:31 Scale Barding Armor
20:26 Scale Mail Armor
20:36 Forging
20:17 Fletching
20:28 Padded Archer Armor
21:53 Bow Saw
22:20 Loom
22:26 Gold Mining
23:30 Heavy Plow
25:31 Wheelbarrow
25:52 Fervor
26:50 Town Watch
30:02 Imperial Age
27:59 Fortified Wall
28:58 Ballistics
28:44 Town Watch
31:23 Conscription
31:51 Chain Barding Armor
32:06 Iron Casting
32:27 Double Crossbow
33:08 Husbandry
33:18 Bloodlines
33:48 Heavy Scorpion
36:04 Hand Cart
35:52 Town Patrol
37:22 Gold Shaft Mining
37:56 Chemistry
37:26 Siege Engineers
38:58 Chemistry
41:12 Elite Battle Elephant
41:55 Tusk Swords
42:37 Plate Barding Armor
42:38 Iron Casting
Shirai Kuroko
10:56 Feudal Age
11:58 Double-Bit Axe
12:44 Horse Collar
14:56 Fletching
15:07 Padded Archer Armor
15:13 Scale Mail Armor
17:09 Forging
17:15 Scale Barding Armor
21:21 Castle Age
21:22 Stone Mining
21:24 Gold Mining
23:59 Bow Saw
24:46 Heavy Plow
24:45 Town Watch
25:35 Wheelbarrow
24:46 Loom
25:09 Bodkin Arrow
25:30 Leather Archer Armor
29:20 Pikeman
30:00 Squires
29:46 Arson
29:47 Gambesons
30:18 Husbandry
30:37 Fortified Wall
30:51 Ballistics
30:44 Masonry
34:40 Imperial Age
35:06 Yeomen
35:52 Elite Longbowman
37:37 Sappers
37:47 Sappers
38:40 Conscription
39:19 Hoardings
41:47 Chemistry
41:12 Masonry
40:59 Murder Holes
40:46 Treadmill Crane
40:54 Arrowslits
41:00 Guard Tower
41:49 Hand Cart
43:36 Warwolf
45:00 Hoardings
45:13 Gold Shaft Mining
Connection lost

Rejoining the realm…

Still unreachable

The connection could not be restored.

Session expired

The server has moved on; the page needs a fresh start.